 Dungeon Crawl Stone Soup version 0.20.0-10-g0535bb4 (webtiles) character file.

144638 Lexie the Bludgeoner (level 17, -15/112 HPs)
             Began as a Gargoyle Fighter on June 5, 2017.
             Was a High Priest of Okawaru.
             Killed by Lee's Rapid Deconstruction
             ... invoked by a deep troll earth mage
              (30 damage)
             ... on level 2 of the Depths.
             The game lasted 00:59:40 (30745 turns).

Lexie the Bludgeoner (Gargoyle Fighter)            Turns: 30745, Time: 00:59:40

Health: -15/112    AC: 38    Str: 28    XL:     17   Next: 40%
Magic:  19/25      EV: 11    Int:  8    God:    Okawaru [*****.]
Gold:   1763       SH: 19    Dex: 11    Spells: 13/16 levels left

rFire    + . .     SeeInvis .   D - +2 demon whip (venom)
rCold    + + +     Gourm    .   W - +1 shield {rC+}
rNeg     + . .     Faith    .   k - +0 plate armour
rPois    ∞         Spirit   .   y - +2 hat
rElec    +         Reflect  +   o - +0 cloak
rCorr    .         Harm     .   E - +0 pair of gloves
MR       +....                  w - +0 pair of boots
Stlth    ..........             c - amulet "Buudu" {Reflect rElec rC++ SH+2}
Regen    0.3/turn               R - ring of protection from fire
MPRegen  0.2/turn               L - +2 ring of dexterity

@: heroism, finesse, flying, studying Long Blades
A: big wings, negative energy resistance 1, electricity resistance, unbreathing,
petrification resistance, rot immunity, AC +12
a: Stop Flying, Heroism, Finesse, Renounce Religion


You were on level 2 of the Depths.
You worshipped Okawaru.
Okawaru was extremely pleased with you.
You were not hungry.

You visited 4 branches of the dungeon, and saw 23 of its levels.
You also visited: Sewer and Ossuary.

You collected 1763 gold pieces.

Inventory:

Hand Weapons
 D - a +2 demon whip of venom (weapon)
Armour
 i - a +1 large shield of protection
 k - a +0 plate armour (worn)
 o - a +0 cloak (worn)
 w - a +0 pair of boots (worn)
 y - a +2 hat (worn)
 E - a +0 pair of gloves (worn)
 W - a +1 shield of cold resistance (worn)
Jewellery
 a - an uncursed ring of protection from fire
 c - the amulet "Buudu" (around neck) {Reflect rElec rC++ SH+2}
   (You acquired it on level 15 of the Dungeon)

   [amulet of reflection]

   It shields you and reflects attacks.
   It greatly protects you from cold.
   It insulates you from electricity.
   It affects your SH (+2).
 q - an uncursed amulet of guardian spirit
 s - an uncursed amulet of rage
 L - a +2 ring of dexterity (right hand)
 R - a ring of protection from fire (left hand)
Wands
 b - a wand of acid (11/15)
 p - a wand of random effects (24/48)
 X - a wand of digging (12/24)
Scrolls
 g - 6 scrolls of recharging
 h - 12 scrolls of remove curse
 n - 4 scrolls of magic mapping
 v - 7 scrolls of teleportation
 C - 5 scrolls of fog
 F - 3 scrolls of enchant armour
 I - 3 scrolls of blinking
 J - 5 scrolls of amnesia {unknown}
 K - 7 scrolls of identify
 N - 3 scrolls of random uselessness {unknown}
 V - a scroll of immolation {unknown}
Potions
 d - 5 potions of might
 j - 10 potions of curing
 l - 4 potions of heal wounds
 r - 7 potions of flight
 u - 2 potions of magic
 x - 4 potions of brilliance
 z - 2 potions of mutation {unknown}
 A - 4 potions of haste
 B - 4 potions of lignification
 G - a potion of invisibility
 H - 2 potions of cancellation
 P - 2 potions of ambrosia
 S - 3 potions of agility {unknown}
Books
 e - a manual of Long Blades
 O - Febac's Tome of Feathers and Curses
   (You found it on level 14 of the Dungeon)

   Spells                             Type                      Level
   a - Confusing Touch                Hexes                        1
   b - Swiftness                      Charms/Air                   2
   c - Ensorcelled Hibernation        Hexes/Ice                    2
   d - Summon Guardian Golem          Hexes/Summoning              3
   e - Cause Fear                     Hexes                        4
   f - Invisibility                   Hexes                        6
 Q - a book of Death

   Spells                             Type                      Level
   a - Corpse Rot                     Necromancy                   2
   b - Sublimation of Blood           Necromancy                   2
   c - Agony                          Necromancy                   5
   d - Dispel Undead                  Necromancy                   5
   e - Excruciating Wounds            Charms/Necromancy            5
   f - Bolt of Draining               Conjuration/Necromancy       5
 Z - a book of Alchemy

   Spells                             Type                      Level
   a - Sublimation of Blood           Necromancy                   2
   b - Ignite Poison                  Fire/Transmutation/Poison    3
   c - Petrify                        Transmutation/Earth          4
   d - Alistair's Intoxication        Transmutation/Poison         5
   e - Irradiate                      Conjuration/Transmutation    5
Miscellaneous
 Y - a phantom mirror
Comestibles
 f - 12 bread rations
 m - 8 meat rations
 t - 19 fruits
 M - 3 royal jellies


   Skills:
 + Level 14.7(19.7) Fighting
 + Level 18.2(23.2) Maces & Flails
 + Level 13.8(18.8) Armour
 + Level 13.5(18.5) Shields
 - Level 11.5 Invocations


You had 13 spell levels left.
You knew the following spells:

 Your Spells              Type           Power        Failure   Level  Hunger
a - Apportation           Tloc           #.....       91%         1    ##.....
b - Blink                 Tloc           N/A          97%         2    ###....


Dungeon Overview and Level Annotations

Branches:
Dungeon (15/15)            Temple (1/1) D:4            Lair (6/6) D:8
  Swamp (0/4) Lair:2        Snake (0/4) Lair:2        Slime (0/5) Lair:5
 Vaults (0/5) D:13         Depths (2/5) D:15
    Orc: D:9-12

Altars:
Ashenzari
Cheibriados
Dithmenos
Elyvilon
Fedhas
Gozag
Hepliaklqana
Kikubaaqudgha
Makhleb
Nemelex Xobeh
Okawaru
Qazlal
Ru
Sif Muna
Trog
Uskayaw
Vehumet
Xom
Yredelemnul
Zin
The Shining One
Jiyva

Shops:
D:5 *   D:12 =   D:15 *

Portals:
Hell: Depths:1

Annotations:
D:6 2 runed doors
D:14 exclusion: Roxanne, Roxanne
Lair:5 1 runed door


Innate Abilities, Weirdness & Mutations

You are resistant to torment.
Your stone body is resilient. (AC +12)
You are immune to poison.
Your large and strong wings let you fly indefinitely.
You resist negative energy. (rN+)
You are resistant to electric shocks. (rElec)
You can survive without breathing.
You are immune to petrification.
You are immune to rotting.


Message History

The deep troll earth mage claws you but does no damage. x2
The deep troll shaman calls upon its god to strengthen the deep troll earth mage.
The deep troll earth mage seems to grow stronger.
The iron troll closely misses you. You block the iron troll's attack. x2
The deep troll shaman calls upon its god to speed up the deep troll earth mage.
The deep troll earth mage seems to speed up.
You can now deal lightning-fast blows.
You block the iron troll's attack. x2
The iron troll claws you but does no damage.
The deep troll earth mage gestures next to you while chanting.
Some rock shatters into small pieces.
You hit the iron troll.
The iron troll looks as sick as possible!
The iron troll is heavily wounded.
You block the iron troll's attack. The iron troll claws you!
* * * LOW HITPOINT WARNING * * *
You block the iron troll's attack.
The deep troll earth mage casts a spell at you.
You shatter!
You die...

#... # #.# #....##
#.# #..#..## #.# #
#...#.. # #.# #
#..#.#..####.#####
#TTT..............
#.T###.#.###.#####
#..# #.###.. #@##
#.##... #.#
###..#. #.# #..##.
#.# #..### #.#
#..### ###
###..### #....###
#...## #..##


You could see an iron troll, a deep troll, a deep troll earth mage and a deep
troll shaman.

Vanquished Creatures
  A lich (Depths:1)
  A sphinx (Depths:2)
  Frances (D:12)
  A tengu reaver (Depths:2)
  A fire giant (Depths:2)
  A balrug (D:15)
  A stone giant (Depths:1)
  6 very ugly things (Depths:1)
  Nessos (Lair:6)
  A dire elephant (D:15)
  Snorg (Lair:4)
  A blizzard demon (Depths:1)
  2 ettins (Depths:1)
  A fire dragon (Depths:1)
  Josephine (D:10)
  2 jiangshi (Depths:2)
  A rakshasa (Depths:1)
  3 great orbs of eyes
  8 vault guards (D:13)
  4 hydras
  A catoblepas (D:15)
  A death knight (D:14)
  6 centaur warriors
  Erica (Lair:1)
  14 two-headed ogres
  2 ogre magi (Depths:1)
  2 vampire magi (Depths:2)
  A queen ant (Lair:3)
  3 tengu warriors
  7 death yaks
  Sonja (Lair:3)
  4 sun demons (Depths:1)
  The ghost of Cab the Black Sun, a novice DsNe of Kikubaaqudgha (D:10)
  Nergalle (Lair:3)
  2 glowing orange brains
  5 skeletal warriors (D:12)
  A deep troll (Depths:2)
  A swamp dragon (Lair:6)
  2 unseen horrors
  The ghost of Reinor the Thaumaturge, a novice SpEE (D:7)
  A lindwurm (shapeshifter) (Depths:1)
  2 wizards
  Pikel (D:5)
  3 deep elf magi
  2 manticores
  A salamander (D:15)
  3 cyclopes
  31 ugly things
  3 elephants (Lair:6)
  Joseph (D:7)
  9 black mambas
  6 rime drakes
  13 spiny frogs
  A kobold demonologist (D:15)
  13 komodo dragons
  4 ice devils
  3 tengu conjurers
  A queen bee (shapeshifter) (D:9)
  4 trolls
  A harpy skeleton (D:15)
  12 slime creatures
  6 meliai (D:14)
  Prince Ribbit (D:7)
  6 dream sheep (Lair:6)
  26 blink frogs
  9 hippogriffs
  5 wraiths (D:10)
  2 wyverns
  A vampire (D:13)
  A redback (shapeshifter) (Depths:2)
  3 water elementals (Depths:1)
  3 basilisks
  45 yaks
  5 steam dragons
  11 vampire mosquitoes
  4 hungry ghosts
  A warg (Lair:6)
  14 soldier ants
  2 acid dragons
  17 water moccasins
  A hell hound (Lair:6)
  Duvessa (D:7)
  5 porcupines
  3 ice beasts
  8 orc warriors
  5 sky beasts
  2 slaves (D:5)
  2 black bears
  An eye of draining (D:9)
  A phantom (D:8)
  14 ogres
  7 centaurs
  21 wolves
  23 crocodiles
  2 big kobolds
  An elf zombie (D:5)
  Blork the orc (D:5)
  19 bullfrogs
  2 gnoll sergeants
  2 elf skeletons (D:5)
  A wyvern zombie (D:14)
  4 scorpions
  Dowan (D:7)
  12 killer bees
  4 wights (D:8)
  4 howler monkeys
  2 electric eels (Lair:5)
  13 crimson imps
  3 centaur zombies
  4 jellies
  2 quasits (D:9)
  2 bullfrog zombies (D:5)
  Crazy Yiuf (D:2)
  A bullfrog skeleton (D:7)
  9 orc priests
  4 centaur skeletons
  A human zombie (D:5)
  18 orc wizards
  5 iguanas
  47 worker ants
  A killer bee zombie (D:10)
  A big kobold zombie (Ossuary)
  2 hound zombies
  8 mummies (Ossuary)
  Robin (D:2)
  12 gnolls
  21 adders
  2 river rats (Sewer)
  A shadow imp (D:7)
  6 white imps (Depths:1)
  An adder skeleton (D:5)
  A dart slug (D:1)
  3 leopard geckos
  38 orcs
  2 ball pythons
  6 giant cockroaches
  A gnoll zombie (Ossuary)
  7 hobgoblins
  8 jackals
  6 quokkas
  A ball python skeleton (D:6)
  4 bats
  3 frilled lizards (D:1)
  17 goblins
  3 hobgoblin zombies (Ossuary)
  A jackal skeleton (D:6)
  14 kobolds
  2 kobold zombies (Ossuary)
  An orc skeleton (D:5)
  2 orc zombies
  10 rats
818 creatures vanquished.

Vanquished Creatures (others)
  A centaur warrior (Depths:1)
  A centaur (Depths:1)
  A worker ant (D:5)
  A white imp (Depths:1)
  11 fungi
  28 plants
43 creatures vanquished.

Grand Total: 861 creatures vanquished

Notes
Turn   | Place    | Note
-------+----------+-------------------------------------------
     0 | D:1      | Lexie the Gargoyle Fighter began the quest for the Orb.
     0 | D:1      | Reached XP level 1. HP: 14/14 MP: 1/1
   163 | D:1      | Reached XP level 2. HP: 19/19 MP: 2/2
   671 | D:2      | Reached XP level 3. HP: 21/23 MP: 3/3
   742 | D:2      | Noticed Robin
   774 | D:2      | Reached skill level 3 in Maces & Flails
   783 | D:2      | Killed Robin
   796 | D:2      | Reached XP level 4. HP: 10/29 MP: 4/4
  1145 | D:2      | Found a runed door.
  1641 | D:2      | Noticed Crazy Yiuf
  1646 | D:2      | Killed Crazy Yiuf
  1646 | D:2      | Reached XP level 5. HP: 31/33 MP: 5/5
  1758 | D:3      | Found a glowing drain.
  1767 | Sewer    | Entered a sewer
  1801 | Sewer    | Reached skill level 4 in Maces & Flails
  1850 | Sewer    | Noticed a big kobold
  1882 | Sewer    | Killed a big kobold
  1882 | Sewer    | Reached XP level 6. HP: 31/39 MP: 6/6
  1961 | Sewer    | Found a white marble altar of Elyvilon.
  2599 | D:3      | Found a bloodstained altar of Trog.
  3014 | D:4      | Reached skill level 5 in Maces & Flails
  3014 | D:4      | Reached skill level 5 in Shields
  3113 | D:4      | Found a staircase to the Ecumenical Temple.
  3175 | Temple   | Entered the Ecumenical Temple
  3457 | D:4      | Reached skill level 5 in Fighting
  3518 | D:4      | Reached XP level 7. HP: 34/44 MP: 7/7
  3605 | D:5      | Entered Level 5 of the Dungeon
  3956 | D:5      | Reached skill level 6 in Maces & Flails
  4023 | D:5      | Found a sand-covered staircase.
  4072 | Ossuary  | Entered an ossuary
  4137 | Ossuary  | Reached XP level 8. HP: 51/51 MP: 8/8
  4427 | D:5      | Noticed Blork the orc
  4438 | D:5      | Killed Blork the orc
  4438 | D:5      | Reached skill level 7 in Maces & Flails
  4581 | D:5      | Found an iron altar of Okawaru.
  4581 | D:5      | Found a bloodstained altar of Trog.
  4583 | D:5      | Found a basalt altar of Yredelemnul.
  4583 | D:5      | Found a snail-covered altar of Cheibriados.
  4584 | D:5      | Found a sparkling altar of Nemelex Xobeh.
  4600 | D:5      | Became a worshipper of Warmaster Okawaru
  4881 | D:5      | Found Dyshritz's Assorted Antiques.
  5297 | D:5      | Noticed Pikel
  5311 | D:5      | Killed Pikel
  5311 | D:5      | Reached * piety under Okawaru
  5311 | D:5      | Reached XP level 9. HP: 56/56 MP: 11/13
  5481 | D:5      | Reached ** piety under Okawaru
  5794 | D:6      | Found a runed door.
  5822 | D:6      | Found a runed door.
  5978 | D:6      | Noticed a two-headed ogre
  6185 | D:6      | Killed a two-headed ogre
  6185 | D:6      | Reached *** piety under Okawaru
  6377 | D:6      | Reached skill level 10 in Invocations
  6377 | D:6      | Reached XP level 10. HP: 48/61 MP: 17/17
  6604 | D:7      | Noticed Prince Ribbit
  6900 | D:7      | Killed Prince Ribbit
  6976 | D:7      | Noticed Reinor's ghost (novice SpEE)
  7016 | D:7      | Killed Reinor's ghost
  7016 | D:7      | Reached **** piety under Okawaru
  7491 | D:7      | Noticed Dowan
  7496 | D:7      | Killed Dowan
  7500 | D:7      | Noticed Duvessa
  7515 | D:7      | Killed Duvessa
  7594 | D:7      | Noticed Joseph
  7612 | D:7      | Killed Joseph
  7612 | D:7      | Reached skill level 8 in Maces & Flails
  8065 | D:8      | Noticed a death yak
  8067 | D:8      | Noticed a two-headed ogre
  8067 | D:8      | Found a staircase to the Lair.
  8068 | D:8      | Noticed a death yak
  8068 | D:8      | Noticed a death yak
  8068 | D:8      | Noticed a death yak
  8069 | D:8      | Noticed a death yak
  8069 | D:8      | Noticed a death yak
  8069 | D:8      | Noticed a death yak
  8085 | D:8      | Killed a death yak
  8703 | D:8      | Reached XP level 11. HP: 26/67 MP: 19/19
  8929 | D:8      | Reached ***** piety under Okawaru
  8941 | D:8      | Killed a two-headed ogre
  9009 | D:7      | Killed a death yak
  9009 | D:7      | Reached skill level 9 in Maces & Flails
  9009 | D:7      | Reached skill level 5 in Armour
  9017 | D:7      | Killed a death yak
  9102 | D:7      | Received a gift from Okawaru
  9212 | D:8      | Killed a death yak
  9237 | D:8      | Killed a death yak
  9499 | D:7      | Killed a death yak
  9526 | D:7      | Killed a death yak
  9930 | D:8      | Reached skill level 10 in Maces & Flails
  9946 | D:8      | Found an iron altar of Okawaru.
 10091 | Lair:1   | Entered Level 1 of the Lair of Beasts
 10162 | Lair:1   | Noticed a seven-headed hydra
 10175 | Lair:1   | Killed a seven-headed hydra
 10502 | Lair:1   | Reached XP level 12. HP: 75/75 MP: 20/20
 10590 | Lair:1   | Noticed Erica
 10647 | Lair:1   | Killed Erica
 10647 | Lair:1   | Reached skill level 10 in Shields
 11325 | Lair:1   | Received a gift from Okawaru
 11897 | Lair:2   | Found a staircase to the Swamp.
 11919 | Lair:2   | Reached skill level 11 in Maces & Flails
 12284 | Lair:2   | Found a staircase to the Snake Pit.
 12702 | Lair:2   | Found a shadowy altar of Dithmenos.
 12913 | Lair:3   | Noticed a queen ant
 13000 | Lair:3   | Reached XP level 13. HP: 78/80 MP: 21/21
 13016 | Lair:3   | Reached ****** piety under Okawaru
 13269 | Lair:3   | Received a gift from Okawaru
 13405 | Lair:3   | Reached skill level 12 in Maces & Flails
 13560 | Lair:3   | Noticed Sonja
 13579 | Lair:3   | Killed Sonja
 13579 | Lair:3   | Reached skill level 10 in Fighting
 13896 | Lair:3   | Noticed Nergalle
 13914 | Lair:3   | Killed Nergalle
 14713 | Lair:4   | Received a gift from Okawaru
 14904 | Lair:4   | Noticed Snorg
 14925 | Lair:4   | Killed Snorg
 15217 | Lair:4   | Reached skill level 13 in Maces & Flails
 15277 | Lair:4   | Found a basalt altar of Yredelemnul.
 16376 | Lair:5   | Gained mutation: Your large and strong wings let you fly indefinitely. [Gargoyle growth]
 16376 | Lair:5   | Reached XP level 14. HP: 90/90 MP: 22/22
 16913 | Lair:5   | Found a runed door.
 16914 | Lair:5   | Found a viscous altar of Jiyva.
 16914 | Lair:5   | Found a staircase to the Slime Pits.
 17130 | Lair:6   | Entered Level 6 of the Lair of Beasts
 17150 | Lair:6   | Noticed Nessos
 17232 | Lair:6   | Killed Nessos
 17232 | Lair:6   | Reached skill level 10 in Armour
 17717 | Lair:6   | Reached skill level 14 in Maces & Flails
 18207 | Lair:6   | Received a gift from Okawaru
 19683 | D:10     | Entered Level 10 of the Dungeon
 19683 | D:10     | Noticed Cab's ghost (novice DsNe)
 19695 | D:10     | Killed Cab's ghost
 19731 | D:10     | Received a gift from Okawaru
 20089 | D:10     | Noticed Josephine
 20102 | D:10     | Killed Josephine
 20124 | D:10     | You are sucked into a shaft for 2 floors!
 20461 | D:12     | Reached skill level 15 in Maces & Flails
 20853 | D:12     | Found Loar Deu's Jewellery Shop.
 21073 | D:12     | Noticed Frances
 21095 | D:12     | Killed Frances
 21095 | D:12     | Reached XP level 15. HP: 38/97 MP: 20/23
 21835 | D:13     | Found a gate to the Vaults.
 21927 | D:13     | Received a gift from Okawaru
 22151 | D:13     | Learned a level 1 spell: Apportation
 22154 | D:13     | Learned a level 2 spell: Blink
 22898 | D:14     | Identified Febac's Tome of Feathers and Curses
 22999 | D:14     | Noticed Roxanne
 23617 | D:14     | Reached skill level 16 in Maces & Flails
 23805 | D:14     | Received a gift from Okawaru
 25195 | D:15     | Entered Level 15 of the Dungeon
 25205 | D:15     | Found Mecook's Assorted Antiques.
 25280 | D:15     | Identified a scroll of acquirement
 25283 | D:15     | Got a crude ruby amulet
 25290 | D:15     | Identified the amulet "Buudu" {Reflect rElec rC++ SH+2} (You acquired it on level 15 of the Dungeon)
 25618 | D:15     | Found a labyrinth entrance.
 26177 | D:15     | Reached XP level 16. HP: 104/104 MP: 24/24
 26234 | D:15     | Found a staircase to the Depths.
 27035 | Depths:1 | Entered Level 1 of the Depths
 27163 | Depths:1 | Reached skill level 17 in Maces & Flails
 27533 | Depths:1 | Received a gift from Okawaru
 27536 | Depths:1 | Got a scorched scarf {god gift}
 27547 | Depths:1 | Identified the scarf of Soneonko {rPois} (Okawaru gifted it to you on level 1 of the Depths)
 28653 | Depths:1 | Noticed a lich
 28688 | Depths:1 | Killed a lich
 29205 | Depths:1 | Reached XP level 17. HP: 93/112 MP: 18/25
 29557 | Depths:1 | Received a gift from Okawaru
 29752 | Depths:1 | Found a gateway to Hell.
 29893 | Depths:2 | Noticed a sphinx
 29899 | Depths:2 | Reached skill level 18 in Maces & Flails
 29913 | Depths:2 | Killed a sphinx
 30726 | Depths:2 | Received a gift from Okawaru
 30745 | Depths:2 | Killed from afar by a deep troll earth mage

Skill      XL: |  1  2  3  4  5  6  7  8  9 10 11 12 13 14 15 16 17 |
---------------+----------------------------------------------------+-----
Maces & Flails | 3 4 5 6 7 8 10 11 13 15 16 17 18 | 18.2
Shields        | 4 5 6 7 9 11 12 13 | 13.5
Fighting       | 4 5 6 7 8 9 11 12 13 14 | 14.7
Invocations    | 6 10 11 | 11.5
Armour         | 4 6 7 9 11 12 13 | 13.8

Action                   |  1- 3 |  4- 6 |  7- 9 | 10-12 | 13-15 | 16-18 || total
-------------------------+-------+-------+-------+-------+-------+-------++-------
Melee: Flail             |   117 |    70 |       |       |       |       ||   187
       Whip              |       |   246 |   500 |  1070 |   144 |       ||  1960
       Morningstar       |       |       |       |       |  1712 |   295 ||  2007
       Demon whip        |       |       |       |       |       |   405 ||   405
Invok: Heroism           |       |       |     2 |    17 |    20 |    13 ||    52
       Finesse           |       |       |       |     2 |     2 |     4 ||     8
 Abil: Evoke Berserk Rag |       |     1 |     2 |     2 |       |       ||     5
       Fly               |       |       |       |       |     1 |       ||     1
  Use: Potion            |       |       |     1 |     1 |       |     1 ||     3
       Scroll            |       |       |       |     7 |    17 |     1 ||    25
  Eat: Chunk             |       |     9 |    13 |    21 |    44 |     6 ||    93
       Meat ration       |       |       |       |     1 |     1 |     2 ||     4
       Fruit             |       |       |       |       |     1 |       ||     1
Armor: Scale mail        |    33 |       |       |       |       |       ||    33
       Plate armour      |    71 |   205 |   201 |   337 |   880 |   267 ||  1961
Dodge: Dodged            |    37 |    37 |    58 |   142 |   356 |   100 ||   730
Block: Shield            |    75 |   146 |   183 |   473 |  1190 |   369 ||  2436
       Reflection        |       |       |       |       |     1 |    32 ||    33
